 Dungeon Crawl Stone Soup version 0.31-a0-986-g5e6e4ef867 (webtiles) character file.

Game seed: 10077537993143777061

53 Persephone the Digger (level 3, -5/19 HPs)
             Began as a Gargoyle Earth Elementalist on Nov 13, 2023.
             Slain by a scorpion (7 damage)
             ... on level 2 of the Dungeon.
             The game lasted 00:02:01 (1212 turns).

Persephone the Digger (Gargoyle Earth Elementalist) Turns: 1212, Time: 00:02:01

Health: -5/19      AC:  5    Str: 11    XL:     3   Next: 87%
Magic:  3/6        EV: 11    Int: 17    God:
Gold:   110        SH:  0    Dex: 10    Spells: 6/7 levels left

rFire   . . .        h - +0 flail
rCold   . . .        (no shield)
rNeg    + . .        a - +0 robe
rPois   ∞            (no helmet)
rElec   +            (no cloak)
rCorr   .            (no gloves)
SInv    .            (no boots)
Will    .....        (no amulet)
Stlth   ++           (no ring)
HPRegen 0.23/turn    (no ring)
MPRegen 0.10/turn

%: no passive effects
@: no status effects
A: sickness immunity, AC +3, negative energy resistance 1, electricity
resistance, torment resistance 1, petrification resistance
a: no special abilities


You were on level 2 of the Dungeon.
You visited 1 branch of the dungeon, and saw 2 of its levels.

You collected 110 gold pieces.

Inventory:

Hand Weapons
 h - a +0 flail (weapon)
Armour
 a - a +0 robe (worn)
Scrolls
 c - a scroll of enchant armour {unknown}
 e - a scroll of noise {unknown}
 i - a scroll of teleportation {unknown}
 j - 2 scrolls of identify {unknown}
 l - a scroll of revelation {unknown}
Potions
 b - a potion of magic
 d - a potion of heal wounds {unknown}
 f - a potion of degeneration {unknown}
 g - a potion of invisibility {unknown}
 k - 2 potions of curing {unknown}


   Skills:
 - Level 1.5 Dodging
 - Level 2.1 Stealth
 + Level 2.5 Spellcasting
 + Level 1.5 Transmutations
 * Level 4.7 Earth Magic


You had 6 spell levels left.
You knew the following spells:

 Your Spells              Type           Power      Damage    Failure   Level
a - Sandblast             Erth           36%        2d10      2%          1

Your spell library contained the following spells:

 Spells                   Type           Power      Damage    Failure   Level
 Passwall                 Tmut/Erth      10%        N/A       8%          2
 Apportation              Tloc           4%         N/A       19%         1
 Necrotise                Necr           8%         1d4       19%         1
 Summon Small Mammal      Summ           8%         N/A       19%         1
 Stone Arrow              Conj/Erth      20%        3d8       21%         3
 Petrify                  Tmut/Erth      12%        N/A       45%         4
 Brom's Barrelling Bould  Conj/Erth      10%        2d3       56%         4


Dungeon Overview and Level Annotations

Branches:
Dungeon (2/15)

Altars:
Kikubaaqudgha


Innate Abilities, Weirdness & Mutations

You are immune to sickness and miasma.
Your stone body is resilient. (AC +3)
You are immune to poison.
You resist negative energy. (rN+)
You are resistant to electric shocks. (rElec)
You are resistant to unholy torment.
You are immune to petrification.


Message History

The scorpion stings you but does no damage.
You barely miss the scorpion.
The scorpion is heavily wounded.
The giant cockroach barely misses you. The scorpion stings you.
You hit the scorpion but do no damage.
The scorpion is heavily wounded.
The giant cockroach bites you.
* * * LOW HITPOINT WARNING * * *
The scorpion stings you.
* * * LOW HITPOINT WARNING * * *
The giant cockroach bites you but does no damage.
The scorpion stings you.
* * * LOW HITPOINT WARNING * * *
You aren't carrying any items that you can evoke.
Sorry, you're not good enough to have a special ability.
Okay, then.
Okay, then.
Okay, then.
Sorry, you're not good enough to have a special ability.
Casting: Sandblast (safe; 2% risk of failure)
Confirm with . or Enter, or press ? or * to list all spells.
Aiming: Sandblast (safe; 2% risk of failure)
Press: ? - help, Shift-Dir - straight line, f/p - scorpion
Aim: a scorpion (heavily wounded, 82% to hit)
The blast of sand hits the scorpion.
The scorpion is severely wounded.
The giant cockroach bites you but does no damage.
The scorpion barely misses you.
The giant cockroach bites you but does no damage.
The scorpion barely misses you.
Casting: Sandblast (safe; 2% risk of failure)
Confirm with . or Enter, or press ? or * to list all spells.
Aiming: Sandblast (safe; 2% risk of failure)
Press: ? - help, Shift-Dir - straight line, f/p - scorpion
Aim: a scorpion (heavily wounded, 82% to hit)
The blast of sand hits the scorpion.
The scorpion is severely wounded.
The giant cockroach bites you but does no damage.
The scorpion stings you!
You die...

....####.##..... .....
#.....### .........##....
#.....# ........###...#
#.....# <.....#.###...#
#.#.### ......#..##...#
########...
###....#.##...###...........
#....#........#..........
#....####...#.........
#....# ######@s...... #....#
#...B..####.# ......
...........
.....######..........
#.....# #.............
#.............
#.#...#....... #.#.#.
.......


You could see a scorpion and a giant cockroach.

Vanquished Creatures
  An adder (D:2)
  2 dart slugs (D:1)
  3 endoplasms
  2 giant cockroaches
  4 hobgoblins (D:1)
  4 jackals (D:1)
  2 quokkas
  2 ball pythons
  6 bats
  3 frilled lizards (D:1)
  4 kobolds (D:1)
  5 rats
38 creatures vanquished.

Notes
Turn   | Place    | Note
-------+----------+-------------------------------------------
     0 | D:1      | Persephone the Gargoyle Earth Elementalist began the quest
                  | for the Orb.
     0 | D:1      | Reached XP level 1. HP: 10/10 MP: 3/3
   142 | D:1      | Reached skill level 1 in Transmutations
   156 | D:1      | Reached XP level 2. HP: 15/15 MP: 0/5
   210 | D:1      | Found a faded altar of an unknown god.
   227 | D:1      | Reached skill level 4 in Earth Magic
   579 | D:1      | Reached XP level 3. HP: 16/19 MP: 4/6
   974 | D:2      | Found an ancient bone altar of Kikubaaqudgha.
  1201 | D:2      | Noticed a scorpion
  1212 | D:2      | Slain by a scorpion

Illustrated notes

Levels and vault maps discovered:
D:1:      ldierk_walled_garden_2, layout_basic,
          ebering_ecumenical_altar_abandoned
D:2:      wad_pebble_path, layout_basic, basic_altar

Skill      XL: |  1  2 |
---------------+-------+-----
Transmutations | 1 |  1.5
Earth Magic    | 4 |  4.7
Dodging        | |  1.5
Stealth        | |  2.1
Spellcasting   | |  2.5

Action                     || total
---------------------------++-------
  Melee: Flail             ||    24
   Cast: Sandblast         ||    44
 Armour: Robe              ||    31
  Dodge: Dodged            ||    30

Table legend: (Time is in decaauts)
 A = Elapsed time spent in this place.
 B = Non-inter-level travel time spent in this place.
 C = Inter-level travel time spent in this place.
 D = Time resting spent in this place.
 E = Time spent auto-exploring this place.
 F = Levels seen in this place.
 G = Mean time per level.
                   A        B        C        D        E       F      G
               +--------+--------+--------+--------+--------+-----+--------+
         Total |   1242 |   1230 |     12 |      0 |   1008 |   2 |  621.0 |
       Dungeon |   1242 |   1230 |     12 |      0 |   1008 |   2 |  621.0 |
               +--------+--------+--------+--------+--------+-----+--------+

Top non-repeatable levels by time:
     D:1: 879 daAuts
     D:2: 362 daAuts
